[Event "Titled Tuesday Blitz March 01 Early 2022"]
[White "Ferguson, Randal"]
[Black "Miszler, Levente"]
[WhiteFideId "30903106"]
[BlackFideId "763276"]
[WhiteElo "2073"]
[BlackElo "1966"]
[Result "1-0"]
[Round "03"]
[TimeControl "180+1"]
[Date "2022.03.01"]
[WhiteClock "0:00:35"]
[BlackClock "0:00:01"]

1. Nc3 Nc6 2. Nf3 g6 3. d4 d5 4. Bf4 a6 5. e3 Bg7 6. h3 Nf6 7. Bd3 O-O 8. a3 Re8 9. Bh2 Bf5 10. Bxf5 gxf5 11. g4 e6 12. gxf5 exf5 13. Rg1 Ne4 14. Ne5 Qh4 15. Qf3 Ng5 16. Qxf5 Nxe5 17. Bxe5 h6 18. Rg4 Qxh3 19. Rxg5 Qxf5 20. Rxf5 f6 21. Bxf6 Rf8 22. Nxd5 c6 23. Ne7+ Kh7 24. Bxg7 Kxg7 25. Ke2 Rae8 26. Rg1+ Kh7 27. Rxf8 Rxf8 28. Rg4 Rf7 29. Re4 h5 30. d5 cxd5 31. Nxd5 Kg6 32. Nf4+ Kg5 33. Re5+ Kg4 34. Rxh5 Rc7 35. c3 Rd7 36. Rd5 Rc7 37. Ne6 Re7 38. Nd4 Rd7 39. f3+ Kg3 40. Rxd7 1-0


[Site "https://www.chess.com"]

[Event "Titled Tuesday Blitz March 01 Early 2022"]
[White "Fier, Alexandr"]
[Black "Dobre, Claudiu-Cristian"]
[WhiteFideId "2107139"]
[BlackFideId "1211854"]
[WhiteElo "2569"]
[BlackElo "2207"]
[Result "1-0"]
[Round "03"]
[TimeControl "180+1"]
[Date "2022.03.01"]
[WhiteClock "0:01:29"]
[BlackClock "0:00:15"]

1. d4 d5 2. c4 c6 3. cxd5 cxd5 4. Bf4 Nc6 5. e3 Nf6 6. Nc3 Bf5 7. Qb3 Na5 8. Qa4+ Nc6 9. Nf3 Bd7 10. Qc2 Rc8 11. h3 e6 12. a3 Be7 13. Bd3 O-O 14. O-O h6 15. Qe2 Nh5 16. Bh2 f5 17. Ne5 Nxe5 18. dxe5 g6 19. f4 Ng7 20. Qf2 Qb6 21. Rab1 Kh7 22. Ne2 Bb5 23. Bxb5 Qxb5 24. Nd4 Qb6 25. Bg3 Rc4 26. Bh4 Bxh4 27. Qxh4 Rfc8 28. Qf6 Qd8 29. g4 a6 30. Kg2 R4c5 31. Kg3 R5c7 32. Rf2 Qe7 33. Rff1 Re8 34. Qxe7 Rexe7 35. Rbc1 Kg8 36. Kf3 Kf7 37. Ke2 Ne8 38. Kd3 Rxc1 39. Rxc1 Rc7 40. Rg1 Ng7 41. b3 Ne8 42. gxf5 gxf5 43. h4 Ng7 44. a4 Rc8 45. a5 Ne8 46. h5 Nc7 47. Rg6 Rh8 48. b4 Rh7 49. Nb3 Rh8 50. Nc5 Rb8 51. Rxh6 Kg7 52. Rg6+ Kh7 53. Nxe6 Nb5 54. Ng5+ Kh8 55. h6 Rg8 1-0


[Site "https://www.chess.com"]

[Event "Titled Tuesday Blitz March 01 Early 2022"]
[White "Funderburg, John T"]
[Black "Hoffmann, Asa"]
[WhiteFideId "2004992"]
[BlackFideId "2001470"]
[WhiteElo "2011"]
[BlackElo "2117"]
[Result "1-0"]
[Round "03"]
[TimeControl "180+1"]
[Date "2022.03.01"]
[WhiteClock "0:00:06"]
[BlackClock "0:00:36"]

1. e4 d6 2. Bc4 Nf6 3. Nc3 c6 4. Bb3 e5 5. Nf3 Be7 6. d4 Qc7 7. h3 O-O 8. O-O Nbd7 9. a4 a5 10. Re1 h6 11. Be3 Re8 12. Qd2 Bf8 13. Nh4 exd4 14. Bxd4 Ne5 15. f4 c5 16. fxe5 cxd4 17. Nb5 Qc5 18. exf6 gxf6 19. Qxd4 Qxd4+ 20. Nxd4 Bd7 21. Nhf5 Re5 22. Rad1 Rae8 23. Bd5 b6 24. b3 Kh7 25. Nf3 Rxd5 26. exd5 Rc8 27. N3d4 Rc5 28. c4 Kg6 29. Ne7+ Kg7 30. Nec6 Bxc6 31. Nxc6 f5 32. Re8 f6 33. Rf1 Kf7 34. Rb8 Bg7 35. Rxf5 Kg6 36. g4 h5 37. Kg2 hxg4 38. hxg4 Bh6 39. Rb7 Bg5 40. Rf1 Be3 41. Kf3 Bd2 42. Rh1 f5 43. Ne7+ Kf6 44. Nxf5 Ke5 45. Re7+ Kf6 46. Re6+ Kf7 47. Rh7+ Kg8 48. Rb7 Rc8 49. Rxb6 Bc3 50. Rbxd6 Bb2 51. Rd7 Bc3 52. Ree7 Bb2 53. Ke4 Bc3 54. Nh6+ Kf8 55. Rf7+ Ke8 56. Rde7+ Kd8 57. Nf5 Bb4 58. Rf8# 1-0


[Site "https://www.chess.com"]

[Event "Titled Tuesday Blitz March 01 Early 2022"]
[White "Fus, Jakub"]
[Black "Babazada, Khazar"]
[WhiteFideId "1193023"]
[BlackFideId "13413554"]
[WhiteElo "2111"]
[BlackElo "2418"]
[Result "1-0"]
[Round "03"]
[TimeControl "180+1"]
[Date "2022.03.01"]
[WhiteClock "0:01:14"]
[BlackClock "0:00:25"]

1. e4 Nf6 2. e5 Nd5 3. d4 d6 4. Nf3 Nb6 5. h3 g6 6. Bd3 Bg7 7. O-O O-O 8. Qe2 Nc6 9. Rd1 Nb4 10. Be4 d5 11. Bd3 Nxd3 12. Rxd3 Bf5 13. Rd1 f6 14. Bf4 Qd7 15. c3 Rae8 16. Nbd2 g5 17. Bh2 g4 18. hxg4 Bxg4 19. Re1 Qf5 20. Qe3 Kh8 21. exf6 Bxf6 22. Ne5 Bh5 23. f3 Rg8 24. g4 Bg5 25. Qe2 Qf6 26. Kh1 Bg6 27. f4 Bh4 28. Rg1 Nc4 29. Nexc4 dxc4 30. f5 Bf7 31. Be5 1-0


[Site "https://www.chess.com"]

[Event "Titled Tuesday Blitz March 01 Early 2022"]
[White "Gabdrakhmanov, Azat"]
[Black "Vivas Zamora, Fabian Ernesto"]
[WhiteFideId "34189197"]
[BlackFideId "3902480"]
[WhiteElo "2279"]
[BlackElo "1966"]
[Result "1-0"]
[Round "03"]
[TimeControl "180+1"]
[Date "2022.03.01"]
[WhiteClock "0:00:16"]
[BlackClock "0:00:01"]

1. e4 e5 2. Nf3 Nc6 3. Bb5 Nf6 4. d3 Bc5 5. c3 O-O 6. O-O d5 7. Nbd2 Re8 8. Qe2 a6 9. Ba4 b5 10. Bb3 d4 11. cxd4 Nxd4 12. Nxd4 Bxd4 13. Nf3 Bg4 14. h3 Bxf3 15. Qxf3 a5 16. a3 Ra6 17. Rb1 h6 18. Bd2 Qd7 19. Rfc1 Nh7 20. Rc2 Rf6 21. Qd1 Rxf2 22. Kh1 Ng5 23. Bxg5 hxg5 24. Rxf2 Bxf2 25. Qh5 Be3 26. Rf1 Rf8 27. Rf3 Bf4 28. g3 Bc1 29. Rf2 a4 30. Bd5 c6 31. Ba2 Be3 32. Rf3 Bc1 33. Rf2 Qe7 34. Kg2 Bxb2 35. Rxb2 Qxa3 36. Rf2 Qe7 37. Qd1 b4 38. Qxa4 Qc5 39. Qb3 Qe7 40. Qc4 g6 41. Qxc6 Kg7 42. Bd5 Rd8 43. Qb5 Qd6 44. Rxf7+ Kh6 45. Qb7 Rd7 46. Rxd7 1-0


[Site "https://www.chess.com"]

[Event "Titled Tuesday Blitz March 01 Early 2022"]
[White "Gabrielian, Artur"]
[Black "Sadhwani, Raunak"]
[WhiteFideId "4131002"]
[BlackFideId "35093487"]
[WhiteElo "2440"]
[BlackElo "2616"]
[Result "0-1"]
[Round "03"]
[TimeControl "180+1"]
[Date "2022.03.01"]
[WhiteClock "0:00:02"]
[BlackClock "0:00:26"]

1. e4 e5 2. Nf3 Nc6 3. Bc4 d6 4. O-O Be7 5. d3 Nf6 6. a4 O-O 7. Nc3 Be6 8. Nd5 Bxd5 9. exd5 Nb4 10. d4 e4 11. Nd2 Nbxd5 12. Nxe4 c6 13. Ng3 g6 14. Re1 Re8 15. Qf3 Nb6 16. Bd3 d5 17. a5 Nbd7 18. a6 b5 19. h4 h5 20. Bg5 Nh7 21. Bxe7 Rxe7 22. Nxh5 Rxe1+ 23. Rxe1 Qxh4 24. Nf4 Ng5 25. Qe3 Nf6 26. g3 Qh6 27. Qe2 Kg7 28. Bxg6 Rh8 29. Qg4 Qh1# 0-1


[Site "https://www.chess.com"]

[Event "Titled Tuesday Blitz March 01 Early 2022"]
[White "Gadimbayli, Abdulla"]
[Black "Vokhidov, Shamsiddin"]
[WhiteFideId "13404938"]
[BlackFideId "14204223"]
[WhiteElo "2282"]
[BlackElo "2611"]
[Result "1/2-1/2"]
[Round "03"]
[TimeControl "180+1"]
[Date "2022.03.01"]
[WhiteClock "0:00:10"]
[BlackClock "0:00:41"]

1. e4 c5 2. Nf3 e6 3. d4 cxd4 4. Nxd4 Nf6 5. Nc3 Nc6 6. Nxc6 bxc6 7. Bd3 e5 8. O-O Bc5 9. Qe2 O-O 10. Kh1 Re8 11. Rd1 Bb7 12. Na4 Bf8 13. c4 Qc7 14. Bg5 Be7 15. Rac1 Rad8 16. c5 h6 17. Be3 Rb8 18. f3 Nh5 19. Bc4 Nf4 20. Bxf4 exf4 21. Rd2 Bf6 22. Rcd1 Bc8 23. b3 Qa5 24. h3 Be5 25. Rd3 Rb4 26. Qc2 Re7 27. Kh2 g6 28. a3 Rb8 29. Qf2 Kg7 30. Qc2 Qc7 31. Qf2 a5 32. Nb6 Bf6 33. Rd6 Be5 34. R6d3 Bf6 35. Rd6 Be5 36. R6d3 1/2-1/2


[Site "https://www.chess.com"]

[Event "Titled Tuesday Blitz March 01 Early 2022"]
[White "Garriga Cazorla, Pere"]
[Black "Indjic, Aleksandar"]
[WhiteFideId "32011601"]
[BlackFideId "911925"]
[WhiteElo "2458"]
[BlackElo "2616"]
[Result "0-1"]
[Round "03"]
[TimeControl "180+1"]
[Date "2022.03.01"]
[WhiteClock "0:00:03"]
[BlackClock "0:00:37"]

1. d4 Nf6 2. c4 c5 3. d5 e6 4. Nc3 exd5 5. cxd5 d6 6. e4 g6 7. f4 Bg7 8. Bb5+ Nfd7 9. Bd3 Na6 10. Nf3 Qa5 11. Bd2 O-O 12. a3 Qb6 13. Rb1 Re8 14. Be3 Qd8 15. O-O c4 16. Bc2 Nac5 17. Bd4 Bh6 18. Qd2 b5 19. Rbe1 Rb8 20. e5 a5 21. exd6 b4 22. axb4 axb4 23. Rxe8+ Qxe8 24. Na4 Ne4 25. Re1 f5 26. Ng5 Bxg5 27. fxg5 Bb7 28. Qxb4 Bxd5 29. Qa5 Qe6 30. Nc3 Bc6 31. Qc7 Qxd6 32. Qxd6 Nxd6 33. Re6 Nb5 34. Nxb5 Bxb5 35. h4 Kf7 36. Re3 Bc6 37. Kf2 Nb6 38. Re1 Nd5 39. g4 f4 40. h5 Ne3 41. Bxe3 fxe3+ 42. Kxe3 Rxb2 43. Rc1 Bd7 44. Kd4 Be6 45. hxg6+ hxg6 46. Rf1+ Kg7 47. Kc3 Rb5 48. Rf6 Bf7 49. Rf4 Rxg5 50. Ba4 Be6 51. Bd1 Re5 52. Kd4 Re1 53. Bc2 g5 54. Re4 Rxe4+ 55. Bxe4 Kf6 56. Bc2 Bxg4 57. Kxc4 Ke5 58. Ba4 Kf4 59. Kd3 Kf3 60. Kd2 Kf2 61. Kd3 Bf5+ 62. Kd4 g4 63. Ke5 g3 64. Bc6 Bd7 65. Bd5 Bh3 66. Kf4 Bg2 67. Be6 Bf3 68. Bh3 Bc6 69. Kg5 Bd7 0-1


[Site "https://www.chess.com"]

[Event "Titled Tuesday Blitz March 01 Early 2022"]
[White "Godzwon, Iwo"]
[Black "Jones, Gawain C B"]
[WhiteFideId "21802483"]
[BlackFideId "409561"]
[WhiteElo "2201"]
[BlackElo "2657"]
[Result "0-1"]
[Round "03"]
[TimeControl "180+1"]
[Date "2022.03.01"]
[WhiteClock "0:00:03"]
[BlackClock "0:00:12"]

1. e4 e5 2. Nf3 Nc6 3. Bb5 a6 4. Ba4 d6 5. O-O Bd7 6. d4 b5 7. Bb3 Nxd4 8. Nxd4 exd4 9. Qh5 Qf6 10. c3 g6 11. Qd5 c6 12. Qxd4 Bg7 13. Be3 Qxd4 14. Bxd4 Bxd4 15. cxd4 Nf6 16. Nd2 Be6 17. Rac1 Bxb3 18. Nxb3 Kd7 19. e5 Nd5 20. Na5 Rhc8 21. Nb7 dxe5 22. dxe5 Re8 23. Rfe1 a5 24. Nd6 Re7 25. Nxf7 Kc7 26. Nd6 Nb4 27. Re3 Nxa2 28. Nxb5+ Kb6 29. Ra1 cxb5 30. Rxa2 Rc8 31. f4 Rc2 32. h3 h5 33. Rg3 Re6 34. Rc3 Rd2 35. Kh2 h4 36. Re3 a4 37. Re4 Kc6 38. Rb4 Kc5 39. Re4 Kd5 40. Rb4 Rb6 41. Ra3 Ke6 0-1


[Site "https://www.chess.com"]

[Event "Titled Tuesday Blitz March 01 Early 2022"]
[White "Goltsev, Dmitry"]
[Black "Guseva, Marina"]
[WhiteFideId "24176710"]
[BlackFideId "4149351"]
[WhiteElo "2273"]
[BlackElo "2232"]
[Result "1-0"]
[Round "03"]
[TimeControl "180+1"]
[Date "2022.03.01"]
[WhiteClock "0:00:26"]
[BlackClock "0:00:01"]

1. e4 c5 2. Nf3 d6 3. d4 cxd4 4. Nxd4 Nf6 5. Nc3 a6 6. Bg5 e6 7. Qd2 Be7 8. O-O-O h6 9. Bh4 Bd7 10. f3 Nc6 11. Bf2 Qc7 12. a3 Rb8 13. h4 b5 14. Bxb5 axb5 15. Ndxb5 Qb7 16. b3 O-O 17. Nxd6 Bxd6 18. Qxd6 Rfd8 19. g4 Ne8 20. Qc5 Rdc8 21. Rhg1 e5 22. Nd5 Be6 23. g5 h5 24. g6 f6 25. Kb2 Qb5 26. Qxb5 Rxb5 27. c4 Rb7 28. b4 Na5 29. c5 Nc6 30. Nb6 Rcb8 31. Rd2 Nc7 32. Rgd1 Nb5 33. Be3 Nbd4 34. f4 Kf8 35. fxe5 fxe5 36. Bg5 Kg8 37. Rf2 Ne7 38. a4 Nxg6 39. Rg2 Kh7 40. a5 Nb5 41. Be3 Rc7 42. Rg5 1-0


[Site "https://www.chess.com"]

[Event "Titled Tuesday Blitz March 01 Early 2022"]
[White "Goltseva, Ekaterina"]
[Black "Manelyuk, Daniil"]
[WhiteFideId "24173770"]
[BlackFideId "44173920"]
[WhiteElo "2140"]
[BlackElo "2222"]
[Result "1-0"]
[Round "03"]
[TimeControl "180+1"]
[Date "2022.03.01"]
[WhiteClock "0:01:36"]
[BlackClock "0:00:07"]

1. d4 Nf6 2. c4 c5 3. d5 b5 4. cxb5 a6 5. bxa6 g6 6. Nc3 Bg7 7. e4 O-O 8. Be2 Qa5 9. Bd2 Bxa6 10. e5 Ne8 11. Nf3 d6 12. e6 fxe6 13. Ng5 e5 14. h4 Nf6 15. h5 Bxe2 16. Qxe2 Nxh5 17. Rxh5 gxh5 18. Qe4 Rf6 19. Qxh7+ Kf8 20. Nce4 Rh6 21. Qf5+ Rf6 22. Qc8+ Qd8 23. Qxd8# 1-0


[Site "https://www.chess.com"]

[Event "Titled Tuesday Blitz March 01 Early 2022"]
[White "Golubenko, Valentina"]
[Black "Kaplan, Ebru"]
[WhiteFideId "4501993"]
[BlackFideId "6315194"]
[WhiteElo "2164"]
[BlackElo "1941"]
[Result "0-1"]
[Round "03"]
[TimeControl "180+1"]
[Date "2022.03.01"]
[WhiteClock "0:00:27"]
[BlackClock "0:00:17"]

1. d4 d5 2. g3 Nf6 3. Bg2 c6 4. Nf3 Bg4 5. Ne5 Bf5 6. O-O e6 7. c4 Be7 8. Nc3 O-O 9. b3 Nbd7 10. Nxd7 Qxd7 11. Re1 Rad8 12. cxd5 exd5 13. Bf4 Bb4 14. Bd2 Rfe8 15. a3 Bd6 16. b4 Ne4 17. Nxe4 Bxe4 18. Qb3 h5 19. h4 Bxg2 20. Kxg2 Qg4 21. Qf3 Re4 22. e3 Qxf3+ 23. Kxf3 f5 24. Kg2 Kf7 25. f3 Re7 26. Rf1 Rde8 27. a4 Re6 28. b5 Rg6 29. f4 Rge6 30. Rfb1 c5 31. Re1 cxd4 32. exd4 Re2+ 33. Kf3 Rxd2 34. Rxe8 Kxe8 35. Re1+ Kd7 36. Ke3 Rg2 37. Kf3 Ra2 38. b6 a6 39. Ke3 Rxa4 40. Re2 Ra3+ 41. Kf2 Rb3 42. g4 fxg4 43. f5 Rf3+ 44. Kg2 Rxf5 45. Rc2 Rf4 46. Rd2 g3 47. Rd3 Rf2+ 48. Kg1 Rb2 49. Rf3 Ke7 50. Rf5 g2 51. Rg5 Bf4 52. Rxg7+ Kf6 53. Rxg2 Be3+ 54. Kf1 Rxg2 55. Kxg2 Bxd4 56. Kf3 Bxb6 57. Kf4 a5 58. Kf3 a4 59. Ke2 a3 60. Kd2 a2 61. Kc2 a1=Q 62. Kd3 Qa3+ 63. Ke2 d4 64. Kd2 d3 65. Ke1 Qc3+ 66. Kd1 Qc2+ 67. Ke1 Qe2# 0-1


[Site "https://www.chess.com"]

[Event "Titled Tuesday Blitz March 01 Early 2022"]
[White "Golubev, Mikhail"]
[Black "Neiksans, Arturs"]
[WhiteFideId "14100983"]
[BlackFideId "11601388"]
[WhiteElo "2374"]
[BlackElo "2447"]
[Result "0-1"]
[Round "03"]
[TimeControl "180+1"]
[Date "2022.03.01"]
[WhiteClock "0:00:19"]
[BlackClock "0:00:58"]

1. e4 c5 2. Nf3 e6 3. d4 cxd4 4. Nxd4 a6 5. Bd3 Bc5 6. Be3 Qc7 7. Qg4 g6 8. O-O d6 9. Qh4 Qe7 10. Bg5 f6 11. Be3 e5 12. Ne2 Bxe3 13. fxe3 Be6 14. Nbc3 Nd7 15. Nd5 Bxd5 16. exd5 f5 17. Qxe7+ Kxe7 18. e4 fxe4 19. Bxe4 Ngf6 20. Ng3 Rac8 21. c3 Rc5 22. Rad1 Nb6 23. Rf3 Rf8 24. Rfd3 Na4 25. R1d2 b5 26. Bf3 Rc7 27. h4 Nb6 28. h5 Rc4 29. Re3 Rh4 30. Ree2 Nbd7 31. Rd1 Kd8 32. b3 Kc7 33. hxg6 hxg6 34. Kf2 e4 35. Rd4 exf3 36. Rxh4 fxe2 0-1


[Site "https://www.chess.com"]

[Event "Titled Tuesday Blitz March 01 Early 2022"]
[White "Gracia Alvarez, Gerardo Antonio"]
[Black "Mirzanurov, Bulat"]
[WhiteFideId "5109124"]
[BlackFideId "4184521"]
[WhiteElo "2139"]
[BlackElo "2116"]
[Result "1-0"]
[Round "03"]
[TimeControl "180+1"]
[Date "2022.03.01"]
[WhiteClock "0:01:00"]
[BlackClock "0:00:02"]

1. c4 e5 2. Nc3 Nf6 3. g3 Bb4 4. Bg2 Nc6 5. e4 O-O 6. Nge2 d6 7. O-O a5 8. Na4 Be6 9. d3 Bc5 10. Nxc5 dxc5 11. Be3 b6 12. Nc3 Nd4 13. Nd5 c6 14. Bxd4 cxd4 15. Nxf6+ Qxf6 16. f4 c5 17. Qd2 Qh6 18. Rf2 f6 19. Raf1 g6 20. Qe2 Qg7 21. f5 Bd7 22. fxg6 hxg6 23. g4 g5 24. h3 Rae8 25. b3 Qg6 26. a3 Re7 27. b4 axb4 28. axb4 Be6 29. bxc5 bxc5 30. Qb2 Kg7 31. Qb6 Rc8 32. Qd6 Ree8 33. Ra2 Bf7 34. Ra7 Red8 35. Qb6 Re8 36. Rfa1 Kg8 37. Rb7 Re6 38. Qa7 Rec6 39. Ra5 Kg7 40. Bf3 Kg8 41. Bd1 Qg7 42. Ba4 Re6 43. Rxc5 Rxc5 44. Qxc5 Qf8 45. Qc7 1-0


[Site "https://www.chess.com"]

[Event "Titled Tuesday Blitz March 01 Early 2022"]
[White "Gutenev, Alexander"]
[Black "Nilsen, Tobias Lang"]
[WhiteFideId "4195540"]
[BlackFideId "1521624"]
[WhiteElo "2403"]
[BlackElo "2013"]
[Result "1-0"]
[Round "03"]
[TimeControl "180+1"]
[Date "2022.03.01"]
[WhiteClock "0:00:27"]
[BlackClock "0:00:05"]

1. b3 Nf6 2. Bb2 g6 3. g4 Bg7 4. g5 Nh5 5. Bxg7 Nxg7 6. d4 d5 7. Qd2 Nc6 8. Nc3 Bf5 9. Bg2 Be6 10. e4 Bc8 11. exd5 Nb8 12. O-O-O Bf5 13. Re1 O-O 14. Nge2 a5 15. a4 c6 16. Ng3 cxd5 17. Nxd5 Nc6 18. Kb2 Be6 19. Nf4 Qxd4+ 20. Qxd4 Nxd4 21. Bxb7 Rab8 22. Ba6 Rb6 23. Bd3 Rc8 24. Nxe6 Ngxe6 25. Re5 Nc5 26. Bc4 Nxa4+ 27. Kc1 Nc5 28. Rxe7 Ndxb3+ 29. Kd1 Nd4 30. Rxf7 Nce6 31. Bxe6 Nxe6 32. Ra7 Rb5 33. h4 Nf4 34. Re1 Rd5+ 35. Kc1 Nd3+ 36. Kd2 Nxe1+ 37. Kxe1 Rxc2 38. Ne4 Re5 39. f3 Rc8 40. Kf2 Rc2+ 41. Kg3 Rf5 42. Nf6+ Rxf6 43. gxf6 Rc5 44. Rg7+ Kh8 45. Rb7 Kg8 46. Kg4 Rf5 47. Rg7+ Kh8 48. Ra7 Rxf6 49. Rxa5 Kg7 50. f4 Rf7 51. Kg5 Rc7 52. Rd5 h6+ 53. Kg4 Rf7 54. h5 gxh5+ 55. Rxh5 Kg6 56. Rc5 h5+ 57. Kg3 Rf5 58. Rc6+ Rf6 59. Rc8 Kf5 60. Rc5+ Ke4 61. Re5+ Kd4 62. Rxh5 Rf8 63. Re5 Rg8+ 64. Kf3 Rf8 65. Re1 Kd5 66. Kg4 Kd6 67. f5 Rg8+ 68. Kh5 Rh8+ 69. Kg6 Rg8+ 70. Kf7 Ra8 71. f6 Ra7+ 72. Kg8 Ra8+ 73. Kg7 Ra7+ 74. f7 1-0


[Site "https://www.chess.com"]

[Event "Titled Tuesday Blitz March 01 Early 2022"]
[White "Hakemi, Arman"]
[Black "Caruana, Fabiano"]
[WhiteFideId "22520805"]
[BlackFideId "2020009"]
[WhiteElo "2208"]
[BlackElo "2744"]
[Result "0-1"]
[Round "03"]
[TimeControl "180+1"]
[Date "2022.03.01"]
[WhiteClock "0:00:40"]
[BlackClock "0:01:31"]

1. e4 c5 2. Nf3 e6 3. c3 Nf6 4. e5 Nd5 5. a3 d6 6. d4 cxd4 7. c4 Nb6 8. Bg5 Qc7 9. exd6 Bxd6 10. Qxd4 e5 11. Qd2 f6 12. Be3 Be7 13. Nc3 O-O 14. Nd5 Nxd5 15. cxd5 Bf5 16. Rc1 Qd7 17. Bc4 Bd6 18. O-O Na6 19. b4 Nc7 20. Bb3 Rac8 21. Bxa7 Nb5 22. Ba4 Ra8 23. Bxb5 Qxb5 24. Bc5 Rfd8 25. Bxd6 Rxd6 26. Rc5 Qd7 27. Rfc1 Be4 28. Rc7 Qe8 29. Qe3 Bxd5 30. Qc5 Rad8 31. Nh4 Bc6 32. h3 Qh5 33. Rc8 Rd1+ 0-1


[Site "https://www.chess.com"]

[Event "Titled Tuesday Blitz March 01 Early 2022"]
[White "Dronavalli, Harika"]
[Black "Tymrakiewicz, Rafal"]
[WhiteFideId "5015197"]
[BlackFideId "1108832"]
[WhiteElo "2382"]
[BlackElo "2205"]
[Result "1-0"]
[Round "03"]
[TimeControl "180+1"]
[Date "2022.03.01"]
[WhiteClock "0:01:03"]
[BlackClock "0:00:19"]

1. Nf3 Nf6 2. c4 g6 3. b3 Bg7 4. Bb2 O-O 5. g3 d6 6. d4 c6 7. Bg2 Ne4 8. O-O Nd7 9. Nfd2 Nxd2 10. Qxd2 f5 11. Nc3 e6 12. Ba3 Nf6 13. Rad1 Rf7 14. e4 f4 15. Qxf4 Nd5 16. Qd2 Nxc3 17. Qxc3 Qc7 18. Qc1 Bd7 19. f4 Re8 20. e5 dxe5 21. dxe5 Bf8 22. Bd6 Qa5 23. Qd2 Bc8 24. Qxa5 1-0


[Site "https://www.chess.com"]

[Event "Titled Tuesday Blitz March 01 Early 2022"]
[White "Hess, Robert"]
[Black "Grafil, Franz Robert"]
[WhiteFideId "2022036"]
[BlackFideId "5205298"]
[WhiteElo "2557"]
[BlackElo "2211"]
[Result "1-0"]
[Round "03"]
[TimeControl "180+1"]
[Date "2022.03.01"]
[WhiteClock "0:00:20"]
[BlackClock "0:00:02"]

1. b3 e5 2. Bb2 Nc6 3. d3 f5 4. Nd2 Nf6 5. h3 Bc5 6. e3 Qe7 7. a3 a5 8. Be2 O-O 9. g4 d5 10. g5 Ne8 11. h4 f4 12. e4 Be6 13. exd5 Bxd5 14. Bf3 Be6 15. Bxc6 bxc6 16. Ngf3 Bg4 17. Qe2 Bd6 18. Qe4 Bf5 19. Qxc6 Rb8 20. a4 g6 21. O-O-O Ng7 22. Nxe5 Ba3 23. Ndc4 Bxb2+ 24. Kxb2 Ne6 25. h5 Rfd8 26. hxg6 hxg6 27. Rh6 Qg7 28. Rdh1 Nd4 29. Qf6 Qxf6 30. gxf6 1-0


[Site "https://www.chess.com"]

[Event "Titled Tuesday Blitz March 01 Early 2022"]
[White "Hirneise, Jens"]
[Black "Yuan, Qingyu"]
[WhiteFideId "24614734"]
[BlackFideId "8609772"]
[WhiteElo "2323"]
[BlackElo "2359"]
[Result "1/2-1/2"]
[Round "03"]
[TimeControl "180+1"]
[Date "2022.03.01"]
[WhiteClock "0:01:55"]
[BlackClock "0:01:25"]

1. d4 Nf6 2. c4 g6 3. g3 c6 4. Nf3 d5 5. cxd5 cxd5 6. Bg2 Bg7 7. O-O O-O 8. Ne5 Nfd7 9. Nxd7 Nxd7 10. Nc3 Nf6 11. Bg5 Be6 12. Qb3 Qd7 13. Bxf6 Bxf6 14. Bxd5 Bxd4 15. Bxe6 Qxe6 16. e3 Qxb3 17. axb3 Bg7 18. Rfd1 Rfc8 19. Rd7 Bxc3 20. bxc3 Rxc3 21. Rxb7 e6 22. b4 Rb3 23. Raxa7 Rxa7 24. Rxa7 Rxb4 25. h4 h5 26. Kg2 1/2-1/2


[Site "https://www.chess.com"]

[Event "Titled Tuesday Blitz March 01 Early 2022"]
[White "Horak, Martin"]
[Black "Pajeken, Jakob Leon"]
[WhiteFideId "367095"]
[BlackFideId "12942839"]
[WhiteElo "1997"]
[BlackElo "2351"]
[Result "1-0"]
[Round "03"]
[TimeControl "180+1"]
[Date "2022.03.01"]
[WhiteClock "0:00:51"]
[BlackClock "0:01:37"]

1. d4 d5 2. c4 dxc4 3. e4 Nf6 4. e5 Nd5 5. Bxc4 Bf5 6. Nc3 c6 7. Nge2 e6 8. O-O Be7 9. Ng3 Bg6 10. f4 O-O 11. f5 exf5 12. Nxf5 Nxc3 13. bxc3 Bg5 14. Qg4 Bxc1 15. Raxc1 Nd7 16. h4 Nb6 17. Bd3 Nd5 18. Rf3 Bxf5 19. Qxf5 g6 20. Qg4 h5 21. Qg3 Qe7 22. Rcf1 Kh7 23. Rxf7+ 1-0


[Site "https://www.chess.com"]

[Event "Titled Tuesday Blitz March 01 Early 2022"]
[White "Iljin, Timofey"]
[Black "Korchmar, Vasiliy"]
[WhiteFideId "14110180"]
[BlackFideId "24131750"]
[WhiteElo "2396"]
[BlackElo "2370"]
[Result "0-1"]
[Round "03"]
[TimeControl "180+1"]
[Date "2022.03.01"]
[WhiteClock "0:00:02"]
[BlackClock "0:01:29"]

1. e4 c5 2. c3 Nf6 3. e5 Nd5 4. d4 cxd4 5. cxd4 e6 6. Nf3 d6 7. Bd3 Nb4 8. Bb5+ Bd7 9. Be2 Bc6 10. exd6 Bxd6 11. O-O Nd7 12. Nc3 O-O 13. a3 Nd5 14. Bd3 Nxc3 15. bxc3 b5 16. Bc2 Rc8 17. Qd3 g6 18. Re1 Re8 19. Ng5 Qf6 20. Qh3 Nf8 21. Ne4 Bxe4 22. Rxe4 e5 23. dxe5 Bxe5 24. Bd2 Red8 25. Rd1 Bxc3 26. Bxc3 Rxd1+ 27. Bxd1 Rxc3 28. Qg4 Rxa3 29. h4 h5 30. Qc8 Ra1 31. Qc2 Qf5 32. Kh2 Rxd1 33. Qxd1 Qxe4 34. g3 b4 35. Qd7 b3 36. Qd8 b2 37. Qf6 b1=Q 38. g4 Qbh1+ 39. Kg3 Qhg2# 0-1


[Site "https://www.chess.com"]

[Event "Titled Tuesday Blitz March 01 Early 2022"]
[White "Izoria, Zviad"]
[Black "Nozdrachev, Leonid"]
[WhiteFideId "13601733"]
[BlackFideId "24113433"]
[WhiteElo "2626"]
[BlackElo "2124"]
[Result "1-0"]
[Round "03"]
[TimeControl "180+1"]
[Date "2022.03.01"]
[WhiteClock "0:00:35"]
[BlackClock "0:00:18"]

1. Nf3 Nf6 2. c4 g6 3. g3 Bg7 4. Bg2 O-O 5. O-O d6 6. d4 Nc6 7. d5 Na5 8. Qa4 c6 9. Bd2 b6 10. Bxa5 bxa5 11. dxc6 Qb6 12. Nc3 Qxb2 13. Nd5 Nxd5 14. cxd5 Ba6 15. Rab1 Qxe2 16. Qxa5 Bc4 17. Rb7 Qxa2 18. Qxa2 Bxa2 19. Nd2 e6 20. Ne4 Bxd5 21. Nxd6 Be5 22. Bxd5 exd5 23. Nb5 Rfc8 24. f4 Bb2 25. c7 a5 26. Nd6 Rf8 27. Rxb2 a4 28. c8=Q Rfxc8 29. Nxc8 Rxc8 30. Ra2 1-0


[Site "https://www.chess.com"]

[Event "Titled Tuesday Blitz March 01 Early 2022"]
[White "Jaferian, Koosha"]
[Black "Matlakov, Maxim"]
[WhiteFideId "12507440"]
[BlackFideId "4168003"]
[WhiteElo "2027"]
[BlackElo "2661"]
[Result "0-1"]
[Round "03"]
[TimeControl "180+1"]
[Date "2022.03.01"]
[WhiteClock "0:00:04"]
[BlackClock "0:00:47"]

1. Nf3 Nf6 2. b3 d5 3. Bb2 Bg4 4. e3 Nbd7 5. d4 e6 6. Be2 Bd6 7. O-O O-O 8. Nbd2 Qe7 9. c4 c6 10. Qc2 Bf5 11. Bd3 Bxd3 12. Qxd3 a5 13. e4 dxe4 14. Nxe4 Nxe4 15. Qxe4 Nf6 16. Qe2 a4 17. Bc3 Ra6 18. Rfb1 Rfa8 19. b4 Rc8 20. Be1 a3 21. Rb3 Ra4 22. Rab1 h6 23. Qd3 Rca8 24. b5 c5 25. dxc5 Bxc5 26. Bc3 Rd8 27. Qe2 Ng4 28. Be1 Qc7 29. h3 Nf6 30. Bc3 Rxc4 31. Bxf6 gxf6 32. Kh1 Qf4 33. Rf1 Qe4 34. Qxe4 Rxe4 35. Rc3 b6 36. Rc2 Rb4 37. Nd2 Rb2 38. Rxb2 axb2 39. Nb3 Ba3 40. Rb1 Rc8 41. Kh2 Rc1 42. Nd2 Rc2 43. Nb3 Rxf2 44. Kg3 Rc2 45. Kf4 Rc1 46. Nd2 Rc5 47. Ke3 Rxb5 48. Nc4 Bc5+ 49. Kd3 Rb4 50. Rxb2 Ra4 51. Nxb6 Bxb6 52. Rxb6 Rxa2 53. g4 Ra3+ 54. Ke4 Rxh3 55. Kf4 Kg7 56. Rb7 h5 57. gxh5 Rxh5 58. Kg4 Rg5+ 0-1


[Site "https://www.chess.com"]